Unix NetHack Version 5.0.0-0 post-release - last build May 17 2026 04:57:42 (dc50c8380fa5e20985bfe3072449f57b8d9895ef,branch:main).

Game began 2026-05-17 22:46:23, ended 2026-05-17 23:03:23.

ArrBianca, lawful female dwarven Archeologist

                                                   --    #
                                                    .    #
                                                    -.   #
                                                    |.   #
                                                    -..  #
                                                    |..  #
                                                    |... #
                                                    |@..|#
                                                    |..^.##
                                                    |...|#      ------
                                                    |... #      |<...|
                                                    -..  #  ##  |....|
                                                    ...  #######.....|
                                                   ...   #      |....|
                                                  ....   #      -+-.--
                                                 |...    ##
                                                 ----

ArrBianca the Field Worker  St:14 Dx:8 Co:12 In:16 Wi:16 Ch:10  Lawful
Dlvl:7  $:23 HP:0(35) Pw:8(8) AC:9  Xp:4 T:2727  Blind

Latest messages:
 You feel healthy.
 You stop waiting.
 The yellow light explodes!
 You are blinded by a blast of light!
 In what direction? .
 You don't find anything here to loot.
 It bites!
 You stop waiting.
 You miss it.
 It bites!
 You miss it.
 It bites!
 You miss it.
 It bites!
 You miss it.
 It bites!
 You kill it!
 You hear a door open.
 You hear an animal carcass being offered in sacrifice.
 You hear a door open.
 Really step into that hole? [yn] (n) n
 In what direction? h
 The door resists!
 In what direction? h
 The door closes.
 In what direction? h
 As you kick the door, it crashes open!
 Wait!  There's something there you can't see!
 It gets angry!
 "Halt!  You're under arrest!"
 You hear the shrill sound of guards' whistles.
 Talk to whom? (in what direction) j
 "You're dog meat!"
 It hits!
 #surren: unknown extended command.
 Are you sure you want to pray? [yn] (n) y
 You begin praying to Quetzalcoatl.
 You feel something move nearby.
 You feel something move nearby.
 You feel something move nearby.
 You feel something move nearby.
 You finish your prayer.
 You feel that Quetzalcoatl is well-pleased.
 What do you want to wield? [- aeM or ?*] -
 You are bare handed.
 It hits!
 It hits!
 It hits!
 You die...
 Do you want an account of creatures vanquished? [ynaq] (y) q

Inventory:
 Coins    ('$')
  $ - 23 gold pieces
 Weapons  (')')
  M - a +0 dart
  a - a +2 bullwhip
 Armor    ('[')
  c - an uncursed +0 fedora (being worn)
  b - a blessed +0 leather jacket (being worn)
 Comestibles  ('%')
  d - 2 uncursed food rations
  l - a cursed food ration
  N - an uncursed lichen corpse
 Scrolls  ('?')
  B - an uncursed scroll of identify
  n - an uncursed scroll of teleportation
 Potions  ('!')
  t - an uncursed potion of booze
  J - an uncursed potion of gain ability
  k - an uncursed potion of hallucination
  j - an uncursed potion of speed
 Rings    ('=')
  i - an uncursed +1 ring of gain strength
 Wands    ('/')
  m - a wand of light (0:13)
 Tools    ('(')
  h - an uncursed sack containing 2 items
  z - an empty uncursed sack
  A - an uncursed sack containing 1 item
  L - a blessed brass lantern
  e - a +0 pick-axe (alternate weapon; not wielded)
  f - a tinning kit (0:39)
 Gems/Stones  ('*')
  g - an uncursed touchstone

Contents of the sack:
  an uncursed black opal
  an uncursed dilithium crystal

Contents of the sack:
  an uncursed scroll of confuse monster

ArrBianca the Archeologist's attributes:

Background:
 You were a Field Worker, a level 4 female dwarven Archeologist.
 You were lawful, on a mission for Quetzalcoatl
 who was opposed by Camaxtli (neutral) and Huhetotl (chaotic).
 You were right-handed.
 You were in the Gnomish Mines, on level 7.
 You entered the dungeon 2727 turns ago.
 It was nighttime.
 There was a new moon in effect when your adventure ended.
 You had 141 experience points, 19 more were needed to attain level 5.

Basics:
 You had 0 out of 35 hit points.
 You had all 8 energy points (spell power).
 Your armor class was 9.
 Your wallet contained 23 zorkmids.
 Autopickup was on for '$?!/="+%' plus thrown, with exceptions.

Final Characteristics:
 Your strength was 14 (limit:18/100).
 Your dexterity was 8 (limit:20).
 Your constitution was 12 (limit:20).
 Your intelligence was 16 (limit:16).
 Your wisdom was 16 (limit:16).
 Your charisma was 10 (limit:16).

Final Status:
 You were temporarily blind.
 You weren't hungry.
 You were unencumbered.
 You were bare handed.
 You were unskilled in bare handed combat.

Final Attributes:
 You were piously aligned.
 You were poison resistant.
 You had automatic searching.
 You had infravision.
 You were lucky.
 You are dead.

Miscellaneous:
 You didn't encounter any bones levels.
 Total elapsed playing time was 17 minutes.

Major events:
 Turn
    1: ArrBianca the lawful female dwarven Archeologist entered the dungeon
  818: attained the rank of Field Worker (level 3)
  942: entered the Gnomish Mines
 2718: reached Mine Town
 2727: killed by a watchman

You didn't know any spells.

Skills:
 Fighting Skills
   bare handed combat [Unskilled]
   two weapon combat  [Unskilled]
   riding             [Unskilled]
 Weapon Skills
   dagger             [Unskilled]
   knife              [Unskilled]
   pick-axe           [Basic]
   short sword        [Unskilled]
   saber              [Unskilled]
   club               [Unskilled]
   quarterstaff       [Unskilled]
   sling              [Unskilled]
   dart               [Unskilled]
   boomerang          [Unskilled]
   whip               [Basic]
   unicorn horn       [Unskilled]
 Spellcasting Skills
   attack spells      [Unskilled]
   healing spells     [Unskilled]
   divination spells  [Unskilled]
   matter spells      [Unskilled]

Voluntary challenges:
 Character rerolling was not enabled.
 You never genocided any monsters.
 You never polymorphed an object.
 You never changed form.
 You used no wishes.
Achievements:
 You entered a shop.
 You attained the rank of Field Worker.
 You entered the Gnomish Mines.
 You entered Minetown.

 The Dungeons of Doom: levels 1 to 4
    Level 1:
    Level 2:
       A fountain, a sink.
    Level 3:
       A general store, a fountain, a sink.
       Stairs down to The Gnomish Mines.
    Level 4:
 The Gnomish Mines: levels 4 to 7
    Level 4:
    Level 5:
    Level 6:
    Level 7: <- You were here.
       Final resting place for
          you, killed by a watchman.


Vanquished creatures:
  a yellow light
  a gnomish wizard
  a kobold leader
  a kobold shaman
  2 iguanas
 an acid blob
  a coyote
  a hobbit
  5 manes
  a large kobold
  a hobgoblin
  2 giant rats
  2 cave spiders
  a yellow mold
  a red mold
  4 garter snakes
  a gnome zombie
  a gecko
  3 kobolds
  a goblin
  2 sewer rats
  a grid bug
  6 lichens
  2 newts
43 creatures vanquished.

No species were genocided or became extinct.

Game over:
                       ----------
                      /          \
                     /    REST    \
                    /      IN      \
                   /     PEACE      \
                  /                  \
                  |    ArrBianca     |
                  |      23 Au       |
                  |   killed by a    |
                  |     watchman     |
                  |                  |
                  |                  |
                  |       2026       |
                 *|     *  *  *      | *
        _________)/\\_//(\/(/\)/\//\/|_)_______

Goodbye ArrBianca the Archeologist...

You died in The Gnomish Mines on dungeon level 7 with 905 points,
and 23 pieces of gold, after 2727 moves.
You were level 4 with a maximum of 35 hit points when you died.

